AoeStats
← leorssu

Fortress

510226274Analyzed
2v2 RM · 1d ago on Sep 30, 2026· 82m 59s· 4 players
Game mode
Random Map
Map size
Normal (6 player)
Population
200
Speed
Normal
Resources
Standard
Victory
Conquest
Starting age
Dark Age
Ending age
Imperial Age
RankedLock teamsTeams togetherTeam positionsShared explorationLock speedFull tech treeHidden civsTurbo modeCheats
Victory
Defeat
🇨🇱 Britons · Chile
1055
+13
🇨🇴 Lithuanians · Colombia
997
+15
🇦🇷 Spanish · Argentina
1079
-18
🇦🇷 Wu · Argentina
891
-10
Leandro Magno
6:48 Loom
9:00 Feudal Age
13:13 Castle Age
11:19 Double-Bit Axe
11:40 Horse Collar
18:05 Gold Mining
22:18 Bow Saw
22:52 Heavy Plow
26:28 Forging
26:24 Scale Barding Armor
28:18 Elite Skirmisher
32:13 Fletching
33:50 Bodkin Arrow
34:31 Iron Casting
34:26 Bloodlines
37:22 Imperial Age
36:20 Padded Archer Armor
37:23 Wheelbarrow
37:23 Thumb Ring
37:37 Leather Archer Armor
39:28 Blast Furnace
41:35 Chain Barding Armor
41:46 Ring Archer Armor
41:33 Murder Holes
42:01 Ballistics
41:41 Cavalier
60:22 Capped Ram
61:02 Pikeman
69:59 Light Cavalry
leorssu
7:26 Loom
9:11 Feudal Age
13:31 Castle Age
11:56 Arson
12:16 Scale Mail Armor
12:53 Forging
13:54 Horse Collar
14:03 Double-Bit Axe
14:57 Squires
17:16 Town Watch
18:07 Wheelbarrow
21:18 Caravan
21:56 Pikeman
22:43 Husbandry
24:55 Iron Casting
25:35 Bloodlines
30:47 Imperial Age
29:50 Chain Mail Armor
31:01 Halberdier
34:08 Conscription
37:51 Hand Cart
37:37 Town Patrol
37:55 Heavy Plow
38:39 Elite Fire Archer
39:20 Red Cliffs Tactics
44:45 Sitting Tiger
46:55 Heavy Hei Guang Cavalry
48:40 Blast Furnace
48:10 Plate Mail Armor
47:47 Scale Barding Armor
58:38 Gold Mining
58:38 Stone Mining
67:17 Light Cavalry
fabyyyy1
6:05 Loom
8:08 Feudal Age
12:02 Castle Age
9:56 Fletching
9:59 Horse Collar
10:44 Gold Mining
11:26 Double-Bit Axe
12:51 Stone Mining
13:46 Padded Archer Armor
14:23 Bodkin Arrow
15:31 Forging
18:44 Town Watch
20:30 Wheelbarrow
20:20 Ballistics
20:50 Heavy Plow
21:58 Murder Holes
23:25 Iron Casting
23:05 Squires
24:30 Scale Barding Armor
24:34 Light Cavalry
28:59 Imperial Age
27:10 Leather Archer Armor
27:02 Husbandry
27:40 Pikeman
28:32 Masonry
29:52 Gold Shaft Mining
29:31 Bow Saw
30:07 Conscription
30:17 Elite Longbowman
33:28 Hoardings
35:07 Hand Cart
37:02 Chemistry
36:47 Yeomen
37:02 Architecture
40:21 Bracer
41:22 Blast Furnace
40:43 Chain Barding Armor
41:05 Town Patrol
41:26 Warwolf
44:14 Scale Mail Armor
44:05 Arson
45:37 Fortified Wall
45:09 Treadmill Crane
46:09 Siege Engineers
45:47 Treadmill Crane
48:53 Ring Archer Armor
48:59 Plate Barding Armor
47:58 Elite Skirmisher
53:57 Chain Mail Armor
53:31 Arrowslits
66:55 Halberdier
69:44 Plate Mail Armor
69:10 Guard Tower
72:20 Gambesons
gomelucho1980
6:57 Feudal Age
7:09 Feudal Age
9:05 Double-Bit Axe
11:51 Castle Age
11:12 Horse Collar
14:09 Bow Saw
18:09 Heavy Plow
24:04 Imperial Age
22:25 Fletching
23:04 Gold Mining
27:13 Wheelbarrow
29:27 Hand Cart
30:47 Conscription
32:27 Forging
36:24 Man-at-Arms
41:47 Two-Man Saw
55:38 Town Watch
58:12 Scale Mail Armor
58:51 Iron Casting
64:46 Pikeman
65:26 Squires
66:04 Halberdier
67:02 Scale Mail Armor
69:03 Elite Skirmisher
70:09 Bodkin Arrow
74:39 Chain Mail Armor
Connection lost

Rejoining the realm…

Still unreachable

The connection could not be restored.

Session expired

The server has moved on; the page needs a fresh start.